 Dungeon Crawl Stone Soup version 0.22.0-75-g3901e79 (webtiles) character file.

572 Loudmushroom the Shield-Bearer (level 7, 0/44 HPs)
             Began as a Gargoyle Fighter on Sept 15, 2018.
             Killed by nerve-wracking pain
             ... invoked by Grinder
              (3 damage)
             ... on level 5 of the Dungeon.
             The game lasted 00:23:38 (4952 turns).

Loudmushroom the Shield-Bearer (Gargoyle Fighter)   Turns: 4952, Time: 00:23:39

Health: 0/44       AC: 15    Str: 22    XL:     7   Next: 34%
Magic:  7/7        EV:  6    Int:  8    God:
Gold:   351        SH: 10    Dex:  9    Spells: 6/6 levels left

rFire    . . .     SeeInvis .   a - +1 war axe
rCold    . . .     Gourm    .   c - +0 shield
rNeg     + . .     Faith    .   r - +0 chain mail
rPois    ∞         Spirit   .   (no helmet)
rElec    +         Reflect  .   s - +0 cloak
rCorr    .         Harm     .   (no gloves)
MR       .....                  (no boots)
Stlth    ..........             (no amulet)
HPRegen  0.14/turn              (no ring)
MPRegen  0.10/turn              (no ring)

@: no status effects
A: negative energy resistance 1, electricity resistance, unbreathing,
petrification resistance, rot immunity, AC +4
a: no special abilities


You were on level 5 of the Dungeon.
You were not hungry.

You visited 1 branch of the dungeon, and saw 5 of its levels.
You also visited: Ossuary.

You collected 351 gold pieces.

Inventory:

Hand Weapons
 a - a +1 war axe (weapon)
 b - a +0 blowgun
 u - a +4 trident
 x - a +0 flail
 y - a +0 mace
 A - a +0 hunting sling
Missiles
 i - 136 stones (quivered)
 m - 4 javelins
 o - 24 sling bullets
 q - 76 bolts
 z - 8 poisoned needles
Armour
 c - a +0 shield (worn)
 r - a +0 chain mail (worn)
 s - a +0 cloak (worn)
Scrolls
 e - 3 scrolls of remove curse
 g - a scroll of magic mapping {unknown}
 j - 3 scrolls of identify
 n - a scroll of teleportation
 v - a scroll of fog {unknown}
 w - a scroll of blinking
Potions
 d - 2 potions of might
 h - 2 potions of cancellation
 l - 2 potions of curing {unknown}
 p - 2 potions of lignification {unknown}
 t - 2 potions of haste
 B - 4 potions of agility
 C - 2 potions of ambrosia {unknown}
 E - a potion of flight {unknown}
 F - 2 potions of resistance {unknown}
Comestibles
 f - 7 rations
 k - 3 chunks of flesh


   Skills:
 + Level 5.0 Fighting
 * Level 4.6 Axes
 + Level 4.9 Armour
 + Level 5.0 Shields


You had 6 spell levels left.
You didn't know any spells.
Your spell library contained the following spells:

 Spells                   Type           Power        Failure   Level  Hunger
 Magic Dart               Conj           #...         100%        1    ##.....
 Searing Ray              Conj           #.....       100%        2    ###....
 Dazzling Spray           Conj/Hex       #.....       100%        3    ####...
 Force Lance              Conj/Tloc      #.......     100%        4    #####..
 Fulminant Prism          Conj/Hex       #.........   100%        4    #####..
 Iskenderun's Mystic Bla  Conj           #.......     100%        4    #####..


Dungeon Overview and Level Annotations

Branches:
Dungeon (5/15)
 Temple: D:4-7

Altars:
Makhleb
Vehumet

Shops:
D:4 (

Annotations:
D:5 Grinder


Innate Abilities, Weirdness & Mutations

You are resistant to torment.
Your stone body is resilient. (AC +4)
You are immune to poison.
You resist negative energy. (rN+)
You are resistant to electric shocks. (rElec)
You can survive without breathing.
You are immune to petrification.
You are immune to rotting.


Message History

Grinder is heavily wounded.
You hit the adder zombie.
You destroy the adder zombie!
Your Fighting skill increases to level 5!
Grinder closely misses you. Grinder gestures at you.
You struggle to resist.
You hit Grinder but do no damage.
Grinder is heavily wounded.
Grinder gestures at you.
You struggle to resist.
Grinder barely misses you.
You hit Grinder.
Grinder is heavily wounded.
You block Grinder's attack. x2
You closely miss Grinder.
Grinder is heavily wounded.
Grinder hits you but does no damage. Grinder gestures at you.
Pain shoots through your body!
You die...

#..#####
#.##..##.#..#....#####
#..#
#........†..##.#.#...#
#..#
#..#..##..#..........###
#..# #..#!.
#..####.........# #..
#..#..##..## ###.##.#...
$.........# #.##.#..#
#####..##...#####.##.....
..............?......#...
$####..#@?...####.#>....<
.......5................
..####.......######..##..
#.#..#..# #.. #..
#.#.##..# ........ #.#.#
..# ###..#### #?#.# ..# .
...


You could see Grinder.

Vanquished Creatures
  An elf zombie (Ossuary)
  2 human zombies (Ossuary)
  A hound (D:4)
  5 orc wizards
  A bullfrog skeleton (D:4)
  Crazy Yiuf (D:2)
  A worker ant (D:5)
  2 mummies (Ossuary)
  A worker ant zombie (D:2)
  2 adders
  An adder skeleton (D:5)
  4 adder zombies
  A worm (D:3)
  2 dart slugs
  A leopard gecko (D:1)
  11 orcs
  8 bats
  4 giant cockroaches
  6 hobgoblins
  12 jackals
  A quokka (D:2)
  4 ball pythons
  A ball python skeleton (D:4)
  6 frilled lizards
  7 goblins
  4 goblin zombies
  8 hobgoblin zombies (Ossuary)
  A jackal zombie (Ossuary)
  8 kobolds
  8 kobold zombies (Ossuary)
  12 orc zombies (Ossuary)
  6 rats
133 creatures vanquished.

Notes
Turn   | Place    | Note
-------+----------+-------------------------------------------
     0 | D:1      | Loudmushroom the Gargoyle Fighter began the quest for the
                  | Orb.
     0 | D:1      | Reached XP level 1. HP: 14/14 MP: 1/1
   346 | D:1      | Reached XP level 2. HP: 19/19 MP: 2/2
   788 | D:1      | Reached XP level 3. HP: 23/23 MP: 3/3
  1439 | D:2      | Reached XP level 4. HP: 27/29 MP: 4/4
  1498 | D:2      | Found a runed door.
  1503 | D:2      | Noticed Crazy Yiuf
  1507 | D:2      | Killed Crazy Yiuf
  2212 | D:3      | Reached XP level 5. HP: 33/33 MP: 5/5
  2272 | D:3      | Found a radiant altar of Vehumet.
  2272 | D:3      | Found a burning altar of Makhleb.
  2838 | D:3      | Found a faded altar of an unknown god.
  2953 | D:4      | Found a sand-covered staircase.
  2973 | Ossuary  | Entered an ossuary
  3158 | Ossuary  | Reached XP level 6. HP: 26/39 MP: 6/6
  3772 | D:4      | Reached XP level 7. HP: 38/44 MP: 7/7
  3929 | D:4      | Found Veckep's Weapon Boutique.
  4603 | D:5      | Entered Level 5 of the Dungeon
  4875 | D:5      | Reached skill level 5 in Shields
  4921 | D:5      | Noticed Grinder
  4931 | D:5      | Paralysed by Grinder for 4 turns
  4947 | D:5      | HP: 2/44 [Grinder (3)]
  4949 | D:5      | Reached skill level 5 in Fighting
  4952 | D:5      | Killed from afar by Grinder

Skill      XL: |  1  2  3  4  5  6  7 |
---------------+----------------------+-----
Axes           | 2 3 4 |  4.6
Shields        | 4 5 |  5.0
Fighting       | 4 5 |  5.0
Armour         | 4 |  4.9

Action                   |  1- 3 |  4- 6 |  7- 9 || total
-------------------------+-------+-------+-------++-------
Melee: War axe           |   123 |   290 |   103 ||   516
  Use: Scroll            |       |       |     9 ||     9
  Eat: Chunk             |     2 |     5 |       ||     7
       Ration            |       |     1 |     1 ||     2
Armor: Scale mail        |   102 |       |       ||   102
       Chain mail        |    10 |   219 |    71 ||   300
Dodge: Dodged            |    61 |    62 |    14 ||   137
Block: Shield            |    80 |   128 |    46 ||   254
